 Dungeon Crawl Stone Soup version 0.27.1-1-g398f81649c (webtiles) character file.

Game seed: 18394172800293324295

11084 Metae the Fighter (level 11, -11/104 HPs)
             Began as a Minotaur Fighter on Sept 10, 2021.
             Was a High Priest of Trog.
             Killed from afar by an ice dragon (23 damage)
             ... with a blast of cold
             ... on level 10 of the Dungeon.
             The game lasted 00:39:07 (11469 turns).

Metae the Fighter (Minotaur Fighter)               Turns: 11469, Time: 00:39:07

Health: -11/104    AC: 17    Str: 24    XL:     11   Next: 44%
Magic:  10/10      EV:  7    Int:  5    God:    Trog [*****.]
Gold:   651        SH: 11    Dex: 10    Spells: 10/10 levels left

rFire    . . .     SeeInvis +   a - +4 whip (venom)
rCold    . . .     Faith    .   c - +0 kite shield
rNeg     . . .     Spirit   .   U - +2 chain mail {Will+}
rPois    .         Reflect  .   (helmet restricted)
rElec    .         Harm     .   z - +0 cloak
rCorr    .         Rampage  .   s - +0 pair of gloves
Will     +....                  (no boots)
Stlth    ..........             (no amulet)
HPRegen  0.27/turn              F - ring of see invisible
MPRegen  0.12/turn              (no ring)

@: no status effects
A: horns 2, retaliatory headbutt
a: Renounce Religion, Berserk, Trog's Hand, Brothers in Arms


You were on level 10 of the Dungeon.
You worshipped Trog.
Trog was extremely pleased with you.
You visited 1 branch of the dungeon, and saw 10 of its levels.
You also visited: Sewer.

You collected 651 gold pieces.

Inventory:

Hand Weapons
 a - a +4 whip of venom (weapon)
 b - the +1 hunting sling of the Hero {flame, rElec rN+ Str-2}
   (You took it off an orc on level 3 of the Dungeon)

   Any ammunition fired from it burns those it strikes, dealing additional fire
   damage.
   Str:       It affects your strength (-2).
   rElec:     It insulates you from electricity.
   rN:        It protects you from negative energy.
 j - a +2 whip of electrocution
 u - a +0 trident
Missiles
 m - 151 sling bullets
 t - 2 atropa-tipped darts
 N - 30 poisoned darts (quivered)
 O - a throwing net
 S - 2 curare-tipped darts
Armour
 c - a +0 kite shield (worn)
 s - a +0 pair of gloves (worn)
 v - the +3 ring mail of Numitt {rPois Will+ Regen+}
   (You took it off an orc on level 3 of the Dungeon)

   rPois:     It protects you from poison.
   Regen:     It increases your rate of health regeneration.
   Will:      It increases your willpower.
 z - a +0 cloak (worn)
 R - the -3 pair of gloves "Aneuw" {Drain Slay+4 Stlth+}
   (You found it on level 8 of the Dungeon)

   Slay:      It affects your accuracy & damage with ranged weapons and melee
   (+4).
   Drain:     It drains your maximum health when unequipped.
   Stlth:     It makes you more stealthy.
 U - a +2 chain mail of willpower (worn)
Jewellery
 F - a ring of see invisible (left hand)
 P - a +6 ring of intelligence
Wands
 w - a wand of flame (12)
 A - a wand of iceblast (12)
 T - a wand of acid (7)
Scrolls
 h - 2 scrolls of identify
 n - 2 scrolls of magic mapping
 o - 2 scrolls of summoning {unknown}
 q - 3 scrolls of noise {unknown}
 r - 7 scrolls of teleportation
 x - a scroll of enchant weapon {unknown}
 y - 2 scrolls of fog {unknown}
 B - 2 scrolls of vulnerability {unknown}
 C - 3 scrolls of enchant armour {unknown}
 E - a scroll of acquirement {unknown}
 H - a scroll of amnesia {unknown}
 Q - 3 scrolls of fear {unknown}
Potions
 d - 2 potions of might
 e - 3 potions of degeneration {unknown}
 f - a potion of ambrosia {unknown}
 g - a potion of attraction {unknown}
 i - 4 potions of lignification
 k - 4 potions of curing
 p - 3 potions of flight
 D - 2 potions of magic {unknown}
 G - 3 potions of mutation
 I - 5 potions of brilliance {unknown}
 J - a potion of cancellation {unknown}
 K - 3 potions of haste {unknown}
 L - 2 potions of resistance {unknown}
 M - a potion of invisibility {unknown}


   Skills:
 * Level 12.1 Fighting
 + Level 8.1 Maces & Flails
 - Level 3.2 Polearms
 + Level 6.7 Slings
 * Level 12.1 Armour
 + Level 9.1 Shields


You had 10 spell levels left.
You didn't know any spells.
Your spell library was empty.

Dungeon Overview and Level Annotations

Branches:
Dungeon (10/15)            Temple (0/1) D:7            Lair (0/6) D:9
  Sewer (visited)
    Orc: D:9-12

Altars:
Dithmenos
Elyvilon
Gozag
Makhleb
Nemelex Xobeh
Okawaru
Qazlal
Ru
Trog
Wu Jian
Yredelemnul
Zin
The Shining One
Beogh

Shops:
D:4 *   D:9 [

Annotations:
D:10 3 runed translucent doors, Domino's ghost, journeyman MiBe


Innate Abilities, Weirdness & Mutations

You have a pair of horns on your head.
You reflexively headbutt those who attack you in melee.


Message History

You hear a roar!
You hear a shout!
You hit the ice dragon but do no damage.
You headbutt the ice dragon!
The ice dragon is heavily wounded.
You block the ice dragon's attack. The ice dragon claws you.
* * * LOW HITPOINT WARNING * * *
The ice dragon tramples you but does no damage.
You feel much better. The ice dragon bites you.
The ice dragon barely misses you. x2
You hit the ice dragon.
The ice dragon looks even sicker.
Your headbutt misses the ice dragon.
The ice dragon is severely wounded.
The ice dragon bites you. You block the ice dragon's attack.
The ice dragon tramples you.
* * * LOW HITPOINT WARNING * * *
You hold your ground!
You closely miss the ice dragon. You headbutt the ice dragon.
The ice dragon is severely wounded.
You feel much better. The ice dragon breathes frost at you.
The blast of cold hits you!
* * * LOW HITPOINT WARNING * * *
You barely miss the ice dragon. Your headbutt misses the ice dragon.
The ice dragon is severely wounded.
The ice dragon bites you but does no damage.
The ice dragon claws you.
* * * LOW HITPOINT WARNING * * *
The ice dragon tramples you but does no damage.
A centaur warrior comes into view.
The centaur warrior wields a +0 shortbow.
The centaur warrior shoots an arrow.
The arrow hits you!
* * * LOW HITPOINT WARNING * * *
The ice dragon bites you.
* * * LOW HITPOINT WARNING * * *
The ice dragon claws you but does no damage.
The ice dragon tramples you but does no damage.
There is an open door here.
The ice dragon breathes frost at you. The blast of cold hits you!!
You die...

.....#..##.##. #.#..# .##..#
..... #.#..# .##..# ###'###
###########.#..#
.....###.....###...#.#..(#....#
.....##.......##.#.#.#.#.#....#
.#...#...###.c.#...#...#)#....#
.#...#..## ##.D#...#...#.#.####
.#...#..# #..'.#.#.#.#.'.#
.....#..## ##..#@#...#...#.#
...#.#..)###...#.#...#...#.#
.#.#.##.).....##.#.#.#.#.#.#
.....###.....###...#.#...#.#
.....#####################.#
###........................#
#.....########.....#######
####### #######


You could see an ice dragon (very poisoned, catching breath) and a centaur
warrior.

Vanquished Creatures
  A hydra (D:8)
  3 two-headed ogres
  Joseph (D:10)
  2 unseen horrors (D:10)
  The ghost of Metae the Ducker, a novice MfSu (D:3)
  2 trolls
  Grinder (D:4)
  A hornet (D:4)
  10 yaks
  2 humans (D:9)
  2 steam dragons
  An acid dragon (D:10)
  A water moccasin (D:7)
  Duvessa (D:5)
  3 orc warriors
  A necrophage (D:8)
  3 sky beasts
  2 black bears
  3 ogres
  2 centaurs
  A phantom (D:6)
  6 kobold brigands
  2 bullfrogs (D:8)
  A gnoll sergeant (D:9)
  3 scorpions
  Dowan (D:5)
  5 killer bees (D:10)
  3 howler monkeys (D:7)
  A crimson imp (D:7)
  3 centaur zombies
  A bullfrog zombie (D:7)
  2 hounds
  A gnoll shaman (D:7)
  4 orc priests
  Crazy Yiuf (D:4)
  A centaur skeleton (D:7)
  7 orc wizards
  2 iguanas
  A killer bee zombie (D:5)
  A hound skeleton (D:4)
  Robin (D:2)
  16 gnolls
  13 adders
  6 river rats (Sewer)
  A white imp (D:7)
  An ufetubus (D:7)
  2 worms (D:2)
  3 dart slugs
  27 orcs
  4 bats
  7 endoplasms
  8 giant cockroaches
  15 goblins
  13 hobgoblins
  8 jackals
  A quokka (D:3)
  8 ball pythons
  4 frilled lizards
  39 kobolds
  27 rats
294 creatures vanquished.

Vanquished Creatures (others)
  2 fungi (D:4)
  39 plants
41 creatures vanquished.

Grand Total: 335 creatures vanquished

Notes
Turn   | Place    | Note
-------+----------+-------------------------------------------
     0 | D:1      | Metae the Minotaur Fighter began the quest for the Orb.
     0 | D:1      | Reached XP level 1. HP: 19/19 MP: 0/0
   313 | D:1      | Reached XP level 2. HP: 27/27 MP: 1/1
   755 | D:2      | Reached XP level 3. HP: 21/33 MP: 2/2
   932 | D:2      | Noticed Robin
   950 | D:2      | Killed Robin
   968 | D:2      | Reached XP level 4. HP: 13/41 MP: 3/3
  1521 | D:2      | Reached skill level 5 in Fighting
  1770 | D:2      | Reached XP level 5. HP: 48/48 MP: 4/4
  2157 | D:3      | Reached skill level 5 in Armour
  2167 | D:3      | Reached skill level 1 in Maces & Flails
  2218 | D:3      | Found a basalt altar of Yredelemnul.
  2746 | D:3      | Found a bloodstained altar of Trog.
  2756 | D:3      | Became a worshipper of Trog the Wrathful
  2848 | D:3      | Found a runed translucent gate.
  2848 | D:3      | Found a runed translucent gate.
  2849 | D:3      | Noticed Metae's ghost (novice MfSu)
  2850 | D:3      | Found a runed translucent gate.
  2850 | D:3      | Identified the +1 hunting sling of the Hero {flame, rElec
                  | rN+ Str-2}
  2850 | D:3      | Identified the +3 ring mail of Numitt {rPois Will+ Regen+}
  3118 | D:3      | Killed Metae's ghost
  3119 | D:3      | Reached XP level 6. HP: 46/58 MP: 5/5
  3435 | D:4      | Reached skill level 5 in Shields
  3447 | D:4      | Reached XP level 7. HP: 62/64 MP: 6/6
  3650 | D:4      | Found Zin's Purification Station.
  3653 | D:4      | Found a glowing silver altar of Zin.
  3679 | D:4      | Noticed a hornet
  3689 | D:4      | Killed a hornet
  3690 | D:4      | Reached skill level 1 in Slings
  3855 | D:4      | Noticed Grinder
  3857 | D:4      | Paralysed by Grinder for 5 turns
  3870 | D:4      | Reached * piety under Trog
  3872 | D:4      | Killed Grinder
  3873 | D:4      | Reached XP level 8. HP: 73/73 MP: 7/7
  4184 | D:4      | Found a runed translucent door.
  4185 | D:4      | Noticed Crazy Yiuf
  4239 | D:4      | Killed Crazy Yiuf
  4352 | D:5      | Entered Level 5 of the Dungeon
  4422 | D:5      | Found a white marble altar of Elyvilon.
  4568 | D:5      | Noticed Duvessa
  4580 | D:5      | Killed Duvessa
  4580 | D:5      | Noticed Dowan
  4624 | D:5      | Killed Dowan
  4843 | D:5      | Found a sparkling altar of Nemelex Xobeh.
  4843 | D:5      | Found an opulent altar of Gozag.
  4923 | D:5      | Found a sand-covered staircase.
  4976 | D:5      | Found a sacrificial altar of Ru.
  5013 | D:5      | Found a glowing golden altar of the Shining One.
  5889 | D:6      | Reached XP level 9. HP: 77/82 MP: 8/8
  6156 | D:6      | Found a glowing drain.
  6175 | Sewer    | Entered a sewer
  6219 | Sewer    | Reached skill level 5 in Maces & Flails
  6287 | Sewer    | Reached ** piety under Trog
  6783 | D:7      | Reached *** piety under Trog
  7500 | D:7      | Found a staircase to the Ecumenical Temple.
  7532 | D:7      | Found a burning altar of Makhleb.
  8022 | D:8      | Identified the -3 pair of gloves "Aneuw" {Drain Slay+4
                  | Stlth+}
  8067 | D:8      | Found a shadowy altar of Dithmenos.
  8276 | D:8      | Reached skill level 10 in Fighting
  8283 | D:8      | Reached skill level 10 in Armour
  8287 | D:8      | Reached XP level 10. HP: 84/93 MP: 9/9
  8514 | D:9      | Reached skill level 5 in Slings
  8583 | D:9      | Found an iron altar of Okawaru.
  8583 | D:9      | Found a staircase to the Lair.
  8630 | D:9      | Found Xierybul's Antique Armour Emporium.
  8928 | D:9      | Noticed a seven-headed hydra
  9346 | D:8      | Killed a seven-headed hydra
  9436 | D:9      | Noticed a two-headed ogre
  9450 | D:9      | Killed a two-headed ogre
  9450 | D:9      | Reached **** piety under Trog
  9616 | D:9      | Found a stormy altar of Qazlal.
  9689 | D:9      | Found an ornate altar of the Wu Jian Council.
  9796 | D:10     | Entered Level 10 of the Dungeon
  9838 | D:10     | Noticed Joseph
 10135 | D:10     | Killed Joseph
 10136 | D:10     | Reached XP level 11. HP: 75/102 MP: 10/10
 10143 | D:10     | Found a runed translucent gate.
 10144 | D:10     | Found a runed translucent gate.
 10144 | D:10     | Found a runed translucent gate.
 10145 | D:10     | Noticed a 12-headed hydra
 10145 | D:10     | Noticed Domino's ghost (journeyman MiBe)
 10145 | D:10     | Noticed a ten-headed hydra
 10617 | D:10     | Noticed a two-headed ogre
 10637 | D:10     | Killed a two-headed ogre
 11395 | D:10     | Noticed a two-headed ogre
 11405 | D:10     | Killed a two-headed ogre
 11405 | D:10     | Reached ***** piety under Trog
 11441 | D:10     | Noticed an ice dragon
 11466 | D:10     | Noticed a centaur warrior
 11469 | D:10     | Killed from afar by an ice dragon

Illustrated notes

Levels and vault maps discovered:
D:1:      amcnicky_arrival_gap_in_the_tavern_cellar, layout_basic
D:2:      layout_basic, minmay_tall_x, uniq_robin
D:3:      layout_loops_cross, trog_book, mainiacjoe_overflow_paths,
          biasface_ghost_orc_armoury, kennysheep_potato
D:4:      layout_loops_ring, zin_purify, uniq_grinder, uniq_crazy_yiuf_cottage
D:5:      layout_cave_pools, grunt_temple_overflow_opulence, marbit_many_paths,
          mainiacjoe_overflow_boulevard, tso_metal_star,
          nicolae_ossuary_entry_false_entrances, kennysheep_boxes, uniq_duvessa
D:6:      layout_loops_corners, cheibrodos_sewer_entry_drain,
          dk_rats_in_the_wall
D:7:      layout_layer_cave, makhleb_grotto_becter, temple_statues,
          serial_bayou_lagoon_a
D:8:      layout_gridville, nicolae_dithmenos_shadow_blocks
D:9:      layout_rooms, nicolae_wu_jian_immortal_techniques,
          mainiacjoe_overflow_surrounded_room, okawaru_humans, lair_entry_dummy,
          serial_shops, shop
D:10:     layout_basic, enter_bailey_3, gammafunk_ghost_hydra_chop,
          minmay_the_grid_2x2 [minmay_the_grid_broken_lines,
          minmay_the_grid_outer_circle, minmay_the_grid_dragon_b,
          minmay_the_grid_prize_big_room], uniq_joseph

Skill      XL: |  1  2  3  4  5  6  7  8  9 10 11 |
---------------+----------------------------------+-----
Fighting       | 4 5 6 7 8 10 11 12 | 12.1
Armour         | 4 6 7 8 10 11 12 | 12.1
Shields        | 4 5 6 7 8 9 |  9.1
Polearms       | 3 |  3.2
Maces & Flails | 2 3 4 6 7 8 |  8.1
Slings         | 2 3 4 6 |  6.7

Action                   |  1- 3 |  4- 6 |  7- 9 | 10-12 || total
-------------------------+-------+-------+-------+-------++-------
Melee: Trident           |    80 |    19 |       |   124 ||   223
       Headbutt          |    12 |    16 |    76 |    80 ||   184
       Whip              |       |   126 |   358 |   214 ||   698
 Fire: Hunting sling     |       |     6 |    11 |     4 ||    21
Throw: Dart              |       |       |       |     1 ||     1
Invok: Berserk           |       |       |       |     1 ||     1
  Use: Potion            |       |       |     2 |     4 ||     6
       Scroll            |       |       |     5 |     2 ||     7
Armor: Scale mail        |    44 |    61 |       |       ||   105
       Ring mail         |       |     2 |   147 |    78 ||   227
       Skin              |       |       |     6 |       ||     6
       Chain mail        |       |       |       |    95 ||    95
Dodge: Dodged            |    29 |    49 |   114 |   107 ||   299
Block: Kite shield       |    50 |    85 |   185 |   214 ||   534
